AoeStats
← Sanzana1

Black Forest

509242826Analyzed
2v2 RM · 7d ago on Sep 26, 2026· 74m 30s· 4 players
Game mode
Random Map
Map size
Medium (4 player)
Population
200
Speed
Normal
Resources
Standard
Victory
Conquest
Starting age
Dark Age
Ending age
Imperial Age
RankedLock teamsTeams togetherTeam positionsShared explorationLock speedFull tech treeHidden civsTurbo modeCheats
Victory
Defeat
🇩🇪 Chinese · Germany
613
+18
🇦🇷 Mongols · Argentina
583
+19
🇨🇱 Goths · Chile
687
-20
🇨🇱 Britons · Chile
622
-17
krol.m
0:43 Loom
12:58 Feudal Age
19:58 Castle Age
18:31 Double-Bit Axe
19:02 Horse Collar
19:16 Gold Mining
19:39 Stone Mining
24:17 Wheelbarrow
25:31 Bow Saw
25:26 Heavy Plow
29:02 Hand Cart
34:14 Imperial Age
33:40 Ballistics
33:51 Fletching
34:02 Padded Archer Armor
36:50 Chemistry
38:26 Conscription
38:15 Caravan
39:22 Two-Man Saw
39:20 Bodkin Arrow
39:41 Leather Archer Armor
40:18 Elite Chu Ko Nu
41:06 Bracer
41:54 Ring Archer Armor
42:00 Great Wall
42:04 Cavalier
42:45 Husbandry
42:19 Heavy Rocket Cart
48:03 Heated Shot
56:45 Elite Skirmisher
lobitomanufischer
6:32 Loom
8:22 Loom
10:52 Feudal Age
16:02 Forging
16:01 Scale Barding Armor
19:58 Bloodlines
23:17 Castle Age
34:52 Imperial Age
32:40 Nomads
35:14 Wheelbarrow
34:28 Town Watch
35:23 Town Patrol
35:50 Thumb Ring
36:12 Parthian Tactics
35:52 Padded Archer Armor
35:42 Fletching
37:32 Double-Bit Axe
37:39 Stone Mining
37:41 Gold Mining
37:34 Horse Collar
38:13 Hand Cart
39:00 Chain Barding Armor
38:56 Leather Archer Armor
38:37 Bodkin Arrow
41:23 Elite Mangudai
42:30 Bodkin Arrow
43:13 Iron Casting
43:50 Bow Saw
43:49 Heavy Plow
44:26 Gold Shaft Mining
44:29 Stone Shaft Mining
43:52 Heavy Cavalry Archer
44:44 Bracer
46:42 Chemistry
46:06 Ballistics
45:59 Fortified Wall
45:52 Murder Holes
47:07 Blast Furnace
47:08 Husbandry
46:49 Heavy Camel Rider
55:36 Elite Skirmisher
60:20 Cavalier
66:18 Heavy Scorpion
Sanzana1
8:39 Loom
11:18 Feudal Age
12:54 Wheelbarrow
12:00 Horse Collar
12:07 Double-Bit Axe
12:21 Gold Mining
15:13 Stone Mining
21:33 Castle Age
22:58 Scale Mail Armor
23:08 Forging
23:22 Pikeman
25:33 Hand Cart
27:47 Iron Casting
27:27 Chain Mail Armor
27:51 Gold Shaft Mining
27:28 Bow Saw
27:20 Heavy Plow
30:01 Arson
33:51 Crossbowman
34:36 Padded Archer Armor
34:26 Fletching
35:21 Ballistics
39:11 Imperial Age
37:53 Leather Archer Armor
38:28 Yeomen
38:48 Bodkin Arrow
41:46 Chemistry
40:40 Capped Ram
42:10 Ring Archer Armor
42:04 Warwolf
42:24 Yeomen
42:43 Arbalester
44:49 Elite Longbowman
46:16 Bracer
47:18 Blast Furnace
46:49 Plate Mail Armor
48:39 Heavy Scorpion
52:32 Plate Mail Armor
56:31 Onager
66:48 Halberdier
67:36 Halberdier
Seba013009
6:30 Loom
16:07 Feudal Age
19:46 Wheelbarrow
20:59 Man-at-Arms
21:43 Double-Bit Axe
28:31 Forging
28:21 Scale Mail Armor
28:26 Scale Barding Armor
31:45 Castle Age
29:48 Horse Collar
31:56 Fletching
32:06 Padded Archer Armor
33:26 Hand Cart
33:07 Gold Mining
33:08 Stone Mining
33:31 Bow Saw
33:24 Heavy Plow
33:06 Long Swordsman
33:09 Light Cavalry
38:32 Imperial Age
37:35 Anarchy
40:16 Iron Casting
39:57 Chain Mail Armor
40:03 Chain Barding Armor
40:36 Two-Handed Swordsman
42:00 Capped Ram
46:24 Elite Huskarl
Connection lost

Rejoining the realm…

Still unreachable

The connection could not be restored.

Session expired

The server has moved on; the page needs a fresh start.